 Dungeon Crawl Stone Soup version 0.29.1-13-g9f3cf754e1 (webtiles) character file.

Game seed: 11679403116506252084

327 KittyFluff the Cudgeller (level 6, -1/39 HPs)
             Began as a Gargoyle Berserker on Jan 22, 2023.
             Was a Believer of Trog.
             Slain by an orc
             ... wielding a +0 war axe
              (3 damage)
             ... on level 4 of the Dungeon.
             The game lasted 00:10:38 (2759 turns).

KittyFluff the Cudgeller (Gargoyle Berserker)       Turns: 2759, Time: 00:10:39

Health: -1/39      AC:  9    Str: 21    XL:     6   Next: 50%
Magic:  6/6        EV: 12    Int:  7    God:    Trog [**....]
Gold:   99         SH:  0    Dex: 11    Spells: 5/5 levels left

rFire   . . .      SeeInvis .   a - +0 mace
rCold   . . .      Faith    .   (no shield)
rNeg    + . .      Spirit   .   i - +0 leather armour
rPois   ∞          Reflect  .   (no helmet)
rElec   +          Harm     .   (no cloak)
rCorr   .          Rampage  .   u - +0 pair of gloves
Will    .....                   (no boots)
Stlth   +.........              (no amulet)
HPRegen 0.13/turn               (no ring)
MPRegen 0.10/turn               (no ring)

@: on berserk cooldown, slowed, invisible, very slow
A: sickness immunity, AC +4, negative energy resistance 1, electricity
resistance, torment resistance 1, petrification resistance
a: Renounce Religion, Berserk, Trog's Hand


You were on level 4 of the Dungeon.
You worshipped Trog.
Trog was pleased with you.
You visited 1 branch of the dungeon, and saw 4 of its levels.

You collected 199 gold pieces.
You spent 100 gold pieces at shops.

Inventory:

Hand Weapons
 a - a +0 mace (weapon)
 k - a +0 sling
 s - a +0 shortbow
Missiles
 c - 20 stones (quivered)
 v - 2 poisoned darts
Armour
 i - a +0 leather armour (worn)
 l - a +0 scale mail
 n - a +0 ring mail
 t - a +0 chain mail
 u - a +0 pair of gloves (worn)
Scrolls
 b - 2 scrolls of fear
 d - 2 scrolls of enchant armour {unknown}
 e - 2 scrolls of amnesia {unknown}
 h - 2 scrolls of immolation
 o - 2 scrolls of teleportation
 p - a scroll of noise
 r - a scroll of enchant weapon {unknown}
 w - a scroll of acquirement {unknown}
Potions
 f - a potion of invisibility
 g - 2 potions of berserk rage {unknown}
 j - a potion of resistance {unknown}
 m - a potion of degeneration
 q - a potion of might {unknown}


   Skills:
 + Level 4.5 Fighting
 + Level 5.1 Maces & Flails
 * Level 3.6 Armour
 + Level 2.5 Dodging
 + Level 0.9 Stealth


You had 5 spell levels left.
You didn't know any spells.
Your spell library was empty.

Dungeon Overview and Level Annotations

Branches:
Dungeon (4/15)
 Temple: D:4-7

Altars:

Shops:
D:1 ?

Annotations:
D:4 3 runed translucent doors, Vulpanium's ghost, amateur MfEE


Innate Abilities, Weirdness & Mutations

You are immune to sickness and miasma.
Your stone body is resilient. (AC +4)
You are immune to poison.
You resist negative energy. (rN+)
You are resistant to electric shocks. (rElec)
You are resistant to unholy torment.
You are immune to petrification.


Message History

Things that are here:
a +0 dagger; a +0 robe You sock the orc priest!
The orc priest is severely wounded.
The orc barely misses you. The orc hits you but does no damage.
The orc priest barely misses you.
You sock the orc priest!
You kill the orc priest!
Trog accepts your kill. The orc hits you but does no damage.
The orc misses you. The orc hits you but does no damage.
Things that are here:
a +0 hand axe; an orc corpse You closely miss the orc.
The orc completely misses you. The orc misses you.
The orc hits you with a +0 club.
You barely miss the orc. The orc closely misses you.
The orc hits you but does no damage. The orc barely misses you.
You closely miss the orc. You sock the orc!
You kill the orc!
Trog accepts your kill. The orc barely misses you.
The orc hits you with a +0 war axe.
You barely miss the orc. The orc hits you but does no damage.
The orc hits you with a +0 club.
* * * LOW HITPOINT WARNING * * *
You barely miss the orc.
You are no longer berserk.
You are exhausted.
You feel yourself slow down. The orc hits you with a +0 war axe.
* * * LOW HITPOINT WARNING * * *
The orc hits you but does no damage.
You closely miss the orc. The orc hits you with a +0 war axe!
* * * LOW HITPOINT WARNING * * *
The orc hits you with a +0 club.
* * * LOW HITPOINT WARNING * * *
The orc completely misses you. The orc hits you but does no damage.
It was a potion of invisibility.
You fade into invisibility!
The orc hits you with a +0 war axe.
You die...

##..)...# #.†....##
##......# ##
#..##..## ##.. #
#..##### ..... ##
##.## #.....
.###...#### #....
....##....####
##o.#
.########....###@o#
## ###.....))## #
##........##
##.........#
#...†....#.#
#.......###.#
##....### .# #..###
.. ### #.#


You could see 2 orcs.

Vanquished Creatures
  A phantom (D:4)
  3 orc priests
  Jessica (D:3)
  An iguana (D:4)
  An orc wizard (D:4)
  A gnoll (D:1)
  An adder (D:3)
  A worm (D:4)
  3 dart slugs
  7 orcs
  9 ball pythons
  6 bats
  4 endoplasms (D:3)
  A giant cockroach (D:2)
  3 hobgoblins
  2 jackals (D:1)
  6 kobolds
  4 quokkas
  2 frilled lizards (D:1)
  6 rats
63 creatures vanquished.

Vanquished Creatures (others)
  12 plants
12 creatures vanquished.

Grand Total: 75 creatures vanquished

Notes
Turn   | Place    | Note
-------+----------+-------------------------------------------
     0 | D:1      | KittyFluff the Gargoyle Berserker began the quest for the
                  | Orb.
     0 | D:1      | Reached XP level 1. HP: 14/14 MP: 1/1
   211 | D:1      | Reached XP level 2. HP: 17/19 MP: 2/2
   239 | D:1      | Found Lalaimaf's Magic Scroll Boutique.
   304 | D:1      | Reached XP level 3. HP: 16/23 MP: 3/3
   475 | D:1      | Found a faded altar of an unknown god.
  1026 | D:2      | Reached ** piety under Trog
  1247 | D:2      | Reached skill level 4 in Maces & Flails
  1665 | D:1      | Bought a scroll of teleportation for 30 gold pieces
  1665 | D:1      | Bought a scroll of noise for 10 gold pieces
  1665 | D:1      | Bought a scroll of identify for 20 gold pieces
  1665 | D:1      | Bought a scroll of fear for 40 gold pieces
  1722 | D:3      | Noticed Jessica
  1725 | D:3      | Killed Jessica
  1726 | D:3      | Reached XP level 4. HP: 26/29 MP: 4/4
  1981 | D:3      | Reached XP level 5. HP: 19/33 MP: 5/5
  2501 | D:4      | Noticed a phantom
  2521 | D:4      | Killed a phantom
  2522 | D:4      | Reached skill level 5 in Maces & Flails
  2522 | D:4      | Reached XP level 6. HP: 31/38 MP: 6/6
  2585 | D:4      | Found a runed translucent gate.
  2586 | D:4      | Found a runed translucent gate.
  2586 | D:4      | Noticed Vulpanium's ghost (amateur MfEE)
  2587 | D:4      | Found a runed translucent gate.
  2759 | D:4      | Slain by an orc

Illustrated notes

Levels and vault maps discovered:
D:1:      dpeg_arrival_tiny_b, layout_basic, hellmonk_ecumenical_altar_blasted,
          serial_shops, nicolae_lakefront_shop
D:2:      layout_rooms, chequers_serial_rivers_small_3
D:3:      layout_rooms, serial_bayou_crossing, uniq_jessica
D:4:      layout_cave_pods, nicolae_qazlal_eye_of_the_storm,
          biasface_ghost_orc_armoury, serial_bayou_lagoon_a,
          chequers_serial_rivers_micro_c, minmay_cupped

Skill      XL: |  1  2  3  4  5 |
---------------+----------------+-----
Maces & Flails | 4 5 |  5.1
Dodging        | 2 |  2.5
Armour         | 3 |  3.6
Fighting       | 4 |  4.5
Stealth        | |  0.9

Action                   |  1- 3 |  4- 6 || total
-------------------------+-------+-------++-------
Melee: Mace              |   121 |   111 ||   232
Invok: Berserk           |       |     1 ||     1
  Use: Scroll            |     1 |       ||     1
       Potion            |       |     1 ||     1
 Stab: Sleeping          |     1 |       ||     1
Armor: Animal skin       |    19 |       ||    19
       Leather armour    |    39 |    43 ||    82
Dodge: Dodged            |    86 |    67 ||   153
